MLB
CALIFORNIA ANGELS @ HOUSTON ASTROS
09/29/2047
 
TOP OF THE 1ST
California Angels batting - Pitching for Houston Astros : LHP Jimmy Edlin
Pitching: LHP Jimmy Edlin
Batting: RHB Bjoern Waltersson 0-0: Ball
1-0: Called Strike
1-1: Ground out 1-3 (Groundball, 34S, EV 62.5 MPH)
Batting: LHB Rusty Ney 0-0: Swinging Strike
0-1: Called Strike
0-2: Foul Ball, location: 2F
0-2: DOUBLE (Line Drive, 78XD, EV 105.6 MPH)
Batting: RHB Alain Delhaye 0-0: Ball
1-0: Ball
2-0: Called Strike
2-1: Fly out, F7 (Flyball, 7S, EV 78.1 MPH)
Batting: RHB Mike Harkins 0-0: Ball
1-0: Ground out U3 (Groundball, 34S, EV 66.9 MPH)
Top of the 1st over - 0 runs, 1 hit, 0 errors, 1 left on base; California 0 - Houston 0
BOTTOM OF THE 1ST
Houston Astros batting - Pitching for California Angels : RHP Erick Vazquez
Pitching: RHP Erick Vazquez
Batting: RHB Danny Merrill 0-0: Ball
1-0: Swinging Strike
1-1: SINGLE (Groundball, 5S, EV 68.1 MPH) (infield hit)
Batting: RHB Josh Froyd 0-0: Ball
1-0: Ball
Danny Merrill is caught stealing 2nd base 2-4
2-0: Called Strike
2-1: SINGLE (Line Drive, 9S, EV 93.8 MPH)
Batting: RHB Elijah Hunter 0-0: Ball
Josh Froyd steals 2nd, throwing error, E2
Josh Froyd to third
1-0: Foul Ball, location: 2F
1-1: Foul Ball, location: 2F
1-2: Strikes out swinging
Batting: LHB Bryce Hill 0-0: Swinging Strike
0-1: Ball
1-1: Called Strike
1-2: Fly out, F8 (Flyball, 8RXD, EV 91.2 MPH)
Bottom of the 1st over - 0 runs, 2 hits, 1 error, 1 left on base; California 0 - Houston 0
TOP OF THE 2ND
California Angels batting - Pitching for Houston Astros : LHP Jimmy Edlin
Batting: RHB Nick Dunn 0-0: TRIPLE (Flyball, 7D, EV 96.2 MPH)
Pinch Runner at 3rd Preston Deakyne:
Batting: RHB Avery Maxwell 0-0: Fly out, F9 (Flyball, 9, EV 91.9 MPH)
Batting: LHB Javier Trujillo 0-0: Ball
1-0: Fly out, F8 (Flyball, 8LM, EV 81.2 MPH)
Batting: LHB Micah Miller 0-0: Called Strike
0-1: Ball
1-1: Ball
2-1: Fly out, F3 (Popup, 3L, EV 78.1 MPH)
Top of the 2nd over - 0 runs, 1 hit, 0 errors, 1 left on base; California 0 - Houston 0
BOTTOM OF THE 2ND
Houston Astros batting - Pitching for California Angels : RHP Erick Vazquez
Now at 2B: Preston Deakyne
Batting: RHB Chris Lane 0-0: Foul Ball, location: 2F
0-1: Ball
1-1: Foul Ball, location: 2F
1-2: Foul Ball, location: 2F
1-2: Ball
2-2: Strikes out swinging
Batting: RHB Eric Chotkowski 0-0: Ball
1-0: Foul Ball, location: 2F
1-1: Called Strike
1-2: SINGLE (Line Drive, 4M, EV 102.5 MPH)
Batting: RHB Antonio Aranda 0-0: Ball
1-0: Foul Ball, location: 2F
1-1: Ball
2-1: Foul Ball, location: 2F
2-2: Fly out, F9 (Line Drive, 9D, EV 91.2 MPH)
Batting: SHB Troy Kenyon 0-0: Ground out U3 (Groundball, 3, EV 88.8 MPH)
Bottom of the 2nd over - 0 runs, 1 hit, 0 errors, 1 left on base; California 0 - Houston 0
TOP OF THE 3RD
California Angels batting - Pitching for Houston Astros : LHP Jimmy Edlin
Batting: SHB Johnny Stables 0-0: Ball
1-0: Called Strike
1-1: Foul Ball, location: 2F
1-2: Ground out 6-3 (Groundball, 56, EV 89.4 MPH)
Batting: RHB Bjoern Waltersson 0-0: Foul Ball, location: 2F
0-1: Foul Ball, location: 2F
0-2: Foul Ball, location: 2F
0-2: Ball
1-2: Ball
2-2: Ball
3-2: Base on Balls
Batting: LHB Rusty Ney 0-0: Called Strike
0-1: Called Strike
0-2: Foul Ball, location: 2F
0-2: Ball
1-2: Ball
2-2: Strikes out looking
Batting: RHB Alain Delhaye 0-0: Ball
1-0: Called Strike
1-1: Ball
2-1: Swinging Strike
2-2: Ball
3-2: DOUBLE (Line Drive, 78XD, EV 101.2 MPH)
Bjoern Waltersson to third
Bjoern Waltersson scores
Batting: RHB Mike Harkins 0-0: Ball
1-0: Foul Ball, location: 2F
1-1: SINGLE (Groundball, 6MD, EV 108.8 MPH)
Alain Delhaye to third
Runner from 3rd tries for Home, SAFE, throw by CF to home
Batting: RHB Preston Deakyne 0-0: Fielders Choice at 2nd, 5-4 (Groundball, 56, EV 100.6 MPH)
Top of the 3rd over - 2 runs, 2 hits, 0 errors, 1 left on base; California 2 - Houston 0
BOTTOM OF THE 3RD
Houston Astros batting - Pitching for California Angels : RHP Erick Vazquez
Batting: LHB Jimmy Edlin 0-0: Called Strike
0-1: Ball
1-1: Ball
2-1: DOUBLE (Line Drive, 9LM, EV 101.2 MPH)
Batting: RHB Danny Merrill 0-0: Ball
1-0: Swinging Strike
1-1: Ball
Wild Pitch!
Jimmy Edlin to third
2-1: Foul Ball, location: 2F
2-2: Strikes out swinging
Batting: RHB Josh Froyd 0-0: Swinging Strike
0-1: Foul Ball, location: 2F
0-2: Ball
1-2: Foul Ball, location: 2F
1-2: Foul Ball, location: 2F
1-2: Strikes out swinging
Batting: RHB Elijah Hunter 0-0: Called Strike
0-1: Called Strike
0-2: Foul Ball, location: 2F
0-2: Foul Ball, location: 2F
0-2: Ball
1-2: Foul Ball, location: 2F
1-2: Foul Ball, location: 2F
1-2: Ball
2-2: Ball
3-2: Base on Balls
Batting: LHB Bryce Hill 0-0: Ground out 4-3 (Groundball, 4, EV 82.5 MPH)
Bottom of the 3rd over - 0 runs, 1 hit, 0 errors, 2 left on base; California 2 - Houston 0
TOP OF THE 4TH
California Angels batting - Pitching for Houston Astros : LHP Jimmy Edlin
Batting: RHB Avery Maxwell 0-0: Ball
1-0: Called Strike
1-1: Ball
2-1: Foul Ball, location: 2F
2-2: Strikes out swinging
Batting: LHB Javier Trujillo 0-0: Foul Ball, location: 2F
0-1: Ball
1-1: Ball
2-1: Swinging Strike
2-2: Fly out, F7 (Flyball, 7D, EV 93.1 MPH)
Batting: LHB Micah Miller 0-0: Ball
1-0: Called Strike
1-1: Fly out, F6 (Line Drive, 4M, EV 66.2 MPH)
Top of the 4th over - 0 runs, 0 hits, 0 errors, 0 left on base; California 2 - Houston 0
BOTTOM OF THE 4TH
Houston Astros batting - Pitching for California Angels : RHP Erick Vazquez
Batting: RHB Chris Lane 0-0: Foul Ball, location: 2F
0-1: Ball
1-1: Swinging Strike
1-2: Strikes out swinging
Batting: RHB Eric Chotkowski 0-0: Ball
1-0: Foul Ball, location: 2F
1-1: Single, Error in OF, E7, batter to second base (Groundball, 56D, EV 105.0 MPH)
Batting: RHB Antonio Aranda 0-0: Called Strike
0-1: Called Strike
0-2: Strikes out swinging
Batting: SHB Troy Kenyon 0-0: Ball
1-0: Foul Ball, location: 2F
1-1: Foul Ball, location: 2F
1-2: Foul Ball, location: 2F
1-2: Ball
2-2: Ball
3-2: Base on Balls
Batting: LHB Jimmy Edlin 0-0: Ground out U3 (Groundball, 3, EV 85.6 MPH)
Bottom of the 4th over - 0 runs, 1 hit, 1 error, 2 left on base; California 2 - Houston 0
TOP OF THE 5TH
California Angels batting - Pitching for Houston Astros : LHP Jimmy Edlin
Batting: SHB Johnny Stables 0-0: Ball
1-0: Ball
2-0: Ball
3-0: Base on Balls
Batting: RHB Bjoern Waltersson 0-0: Ball
1-0: SINGLE (Groundball, 34D, EV 103.8 MPH)
Johnny Stables to second
Runner from 2nd tries for 3rd, SAFE, throw by RF made to third
Bjoern Waltersson to second
Batting: LHB Rusty Ney 0-0: Ball
1-0: Ball
2-0: Ball
3-0: Base on Balls
Batting: RHB Alain Delhaye 0-0: Swinging Strike
0-1: Ball
1-1: Ball
2-1: Swinging Strike
2-2: Foul Ball, location: 2F
2-2: SINGLE (Groundball, 5S, EV 67.5 MPH) (infield hit)
Johnny Stables scores
Bjoern Waltersson to third
Rusty Ney to second
Batting: RHB Mike Harkins 0-0: Fly out, F4 (Popup, 4D, EV 67.5 MPH)
Batting: RHB Preston Deakyne 0-0: Swinging Strike
0-1: Ball
1-1: Swinging Strike
1-2: Ball
2-2: Strikes out looking
Batting: RHB Avery Maxwell 0-0: Foul Ball, location: 2F
0-1: Foul Ball, location: 2F
0-2: Fielders Choice at 2nd, U6 (Groundball, 6M, EV 103.1 MPH)
Top of the 5th over - 1 run, 2 hits, 0 errors, 3 left on base; California 3 - Houston 0
BOTTOM OF THE 5TH
Houston Astros batting - Pitching for California Angels : RHP Erick Vazquez
Batting: RHB Danny Merrill 0-0: Swinging Strike
0-1: SINGLE (Line Drive, 6M, EV 95.6 MPH)
Batting: RHB Josh Froyd 0-0: Ball
1-0: Ball
2-0: Swinging Strike
2-1: Ball
3-1: Called Strike
Pickoff Throw to First - Error! E1
Danny Merrill to second
3-2: Foul Ball, location: 2F
3-2: SINGLE (Line Drive, 89S, EV 108.8 MPH)
Danny Merrill to third
Batting: RHB Elijah Hunter 0-0: Ball
1-0: SINGLE (Groundball, 56D, EV 98.8 MPH)
Danny Merrill scores
Josh Froyd to second
Batting: LHB Bryce Hill 0-0: Ball
1-0: Foul Ball, location: 2F
1-1: Ball
2-1: Foul Ball, location: 2F
2-2: Ball
Wild Pitch!
Josh Froyd to third
Elijah Hunter to second
3-2: Foul Ball, location: 2F
3-2: Strikes out swinging
Batting: RHB Chris Lane 0-0: Foul Ball, location: 2F
0-1: Ball
1-1: Called Strike
1-2: Ball
2-2: SINGLE (Groundball, 6MD, EV 96.2 MPH)
Josh Froyd scores
Elijah Hunter to third
Runner from 3rd tries for Home, SAFE, throw by CF to home
Pitching: RHP Allen Weaver
Batting: RHB Eric Chotkowski 0-0: Foul Ball, location: 2F
0-1: Swinging Strike
0-2: Ball
1-2: Strikes out swinging
Batting: RHB Antonio Aranda 0-0: Called Strike
0-1: Called Strike
0-2: Ball
1-2: Ball
2-2: Foul Ball, location: 2F
2-2: Strikes out looking
Bottom of the 5th over - 3 runs, 4 hits, 1 error, 1 left on base; California 3 - Houston 3
TOP OF THE 6TH
California Angels batting - Pitching for Houston Astros : LHP Jimmy Edlin
Batting: LHB Javier Trujillo 0-0: Called Strike
0-1: Called Strike
0-2: Strikes out swinging
Batting: LHB Micah Miller 0-0: Ball
1-0: Ball
2-0: Called Strike
2-1: Ball
3-1: Base on Balls
Batting: SHB Johnny Stables 0-0: Ball
1-0: Ball
2-0: Foul Ball, location: 2F
2-1: Ball
3-1: Ground out 5-3 (Groundball, P, EV 88.8 MPH)
Micah Miller to second
Batting: RHB Bjoern Waltersson 0-0: Called Strike
Balk!
Micah Miller to third
0-1: Swinging Strike
0-2: Ball
1-2: Ball
2-2: Ball
3-2: Strikes out swinging
Top of the 6th over - 0 runs, 0 hits, 0 errors, 1 left on base; California 3 - Houston 3
BOTTOM OF THE 6TH
Houston Astros batting - Pitching for California Angels : RHP Allen Weaver
Batting: SHB Troy Kenyon 0-0: Ball
1-0: Swinging Strike
1-1: Ball
2-1: Called Strike
2-2: Foul Ball, location: 2F
2-2: Ball
3-2: Foul Ball, location: 2F
3-2: Foul Ball, location: 2F
3-2: Base on Balls
Batting: LHB Jimmy Edlin 0-0: Ball
1-0: Ball
2-0: Ball
3-0: Base on Balls
Troy Kenyon to second
Batting: RHB Danny Merrill 0-0: Grounds into double play, 5-4-3 (Groundball, 56S, EV 92.5 MPH)
Troy Kenyon to third
Batting: RHB Josh Froyd 0-0: Ball
1-0: Ball
2-0: Foul Ball, location: 2F
2-1: Fly out, F7 (Line Drive, 78M, EV 102.5 MPH)
Bottom of the 6th over - 0 runs, 0 hits, 0 errors, 1 left on base; California 3 - Houston 3
TOP OF THE 7TH
California Angels batting - Pitching for Houston Astros : LHP Jimmy Edlin
Pitching: RHP Kyle McPeak
Batting: LHB Rusty Ney 0-0: Ball
1-0: Foul Ball, location: 2F
1-1: Ball
2-1: Foul Ball, location: 2F
2-2: Ball
3-2: Foul Ball, location: 2F
3-2: Strikes out looking
Batting: RHB Alain Delhaye 0-0: Foul Ball, location: 2F
0-1: Ball
1-1: Ball
2-1: Ball
3-1: Called Strike
3-2: Base on Balls
Batting: RHB Mike Harkins 0-0: Foul Ball, location: 2F
0-1: Fly out, F4 (Popup, 4D, EV 66.2 MPH)
Batting: RHB Preston Deakyne 0-0: Ball
1-0: Ball
2-0: Called Strike
2-1: SINGLE (Groundball, 56D, EV 102.5 MPH)
Alain Delhaye to second
Batting: RHB Avery Maxwell 0-0: Ball
1-0: Ball
2-0: Ball
3-0: Base on Balls
Alain Delhaye to third
Preston Deakyne to second
Batting: LHB Javier Trujillo 0-0: Ground out 4-3 (Groundball, 4D, EV 101.2 MPH)
Top of the 7th over - 0 runs, 1 hit, 0 errors, 3 left on base; California 3 - Houston 3
BOTTOM OF THE 7TH
Houston Astros batting - Pitching for California Angels : RHP Allen Weaver
Batting: RHB Elijah Hunter 0-0: Ball
1-0: SINGLE (Groundball, 56D, EV 95.6 MPH)
Batting: LHB Bryce Hill 0-0: Swinging Strike
0-1: Fielders Choice at 2nd, 1-6 (Groundball, 23, EV 63.1 MPH)
Batting: RHB Chris Lane 0-0: Swinging Strike
0-1: Fly out, F8 (Flyball, 8LD, EV 98.1 MPH)
Batting: RHB Eric Chotkowski 0-0: Foul Ball, location: 2F
0-1: Called Strike
0-2: Ball
1-2: Foul Ball, location: 2F
1-2: Fielders Choice at 2nd, 5-4 (Groundball, 56, EV 81.9 MPH)
Bottom of the 7th over - 0 runs, 1 hit, 0 errors, 1 left on base; California 3 - Houston 3
TOP OF THE 8TH
California Angels batting - Pitching for Houston Astros : RHP Kyle McPeak
Pitching: RHP Aaron Shapiro
Batting: LHB Micah Miller 0-0: Swinging Strike
0-1: Swinging Strike
0-2: Strikes out looking
Batting: SHB Johnny Stables 0-0: Ball
1-0: Ball
2-0: Reached on error, E4 (Groundball, 4, EV 103.8 MPH)
Batting: RHB Bjoern Waltersson 0-0: Ball
1-0: SINGLE (Line Drive, 56D, EV 98.8 MPH)
Johnny Stables to second
Batting: LHB Rusty Ney 0-0: Ball
1-0: Called Strike
1-1: Ball
2-1: Ball
3-1: Ground out 5-3 (Groundball, P, EV 82.5 MPH)
Johnny Stables to third
Bjoern Waltersson to second
Batting: RHB Alain Delhaye 0-0: Foul Ball, location: 2F
0-1: Foul Ball, location: 2F
0-2: Ball
1-2: Strikes out swinging, 2-3 out at first.
Top of the 8th over - 0 runs, 1 hit, 1 error, 2 left on base; California 3 - Houston 3
BOTTOM OF THE 8TH
Houston Astros batting - Pitching for California Angels : RHP Allen Weaver
Pitching: RHP Dave Thomas
Pinch Hitting: SHB Joe Gardner 0-0: Swinging Strike
0-1: Swinging Strike
0-2: Ball
1-2: Strikes out looking
Batting: SHB Troy Kenyon 0-0: Ball
1-0: Ball
2-0: Fly out, F7 (Line Drive, 78M, EV 95.6 MPH)
Batting: LHB Jimmy Edlin 0-0: Foul Ball, location: 2F
0-1: Ball
1-1: Ball
2-1: Swinging Strike
2-2: Strikes out swinging
Bottom of the 8th over - 0 runs, 0 hits, 0 errors, 0 left on base; California 3 - Houston 3
TOP OF THE 9TH
California Angels batting - Pitching for Houston Astros : RHP Aaron Shapiro
Now in CF: Joe Gardner
Batting: RHB Mike Harkins 0-0: Fly out, F4 (Popup, 34, EV 63.8 MPH)
Batting: RHB Preston Deakyne 0-0: Foul Ball, location: 2F
0-1: Swinging Strike
0-2: Ball
1-2: Strikes out swinging
Batting: RHB Avery Maxwell 0-0: Called Strike
0-1: Called Strike
0-2: SINGLE (Line Drive, 3D, EV 100.6 MPH)
Batting: LHB Javier Trujillo 0-0: Swinging Strike
0-1: Fly out, F7 (Line Drive, 7S, EV 104.4 MPH)
Top of the 9th over - 0 runs, 1 hit, 0 errors, 1 left on base; California 3 - Houston 3
BOTTOM OF THE 9TH
Houston Astros batting - Pitching for California Angels : RHP Dave Thomas
Pitching: LHP Joel Campbell
Batting: RHB Danny Merrill 0-0: Ball
1-0: Ball
2-0: Ground out U3 (Groundball, 3, EV 105.6 MPH)
Batting: RHB Josh Froyd 0-0: Ball
1-0: Ball
2-0: Foul Ball, location: 2F
2-1: Ball
3-1: SINGLE (Flyball, 9LS, EV 91.9 MPH)
Batting: RHB Elijah Hunter 0-0: Swinging Strike
0-1: Ball
1-1: Ball
2-1: Foul Ball, location: 2F
2-2: Foul Ball, location: 2F
2-2: Fly out, F8 (Flyball, 78M, EV 85.6 MPH)
Batting: LHB Bryce Hill 0-0: Fly out, F9 (Flyball, 9D, EV 96.2 MPH)
Bottom of the 9th over - 0 runs, 1 hit, 0 errors, 1 left on base; California 3 - Houston 3
TOP OF THE 10TH
California Angels batting - Pitching for Houston Astros : RHP Aaron Shapiro
Batting: LHB Micah Miller 0-0: Swinging Strike
0-1: Ball
1-1: Ground out 1-3 (Groundball, 34S, EV 66.9 MPH)
Batting: SHB Johnny Stables 0-0: Ball
1-0: Called Strike
1-1: Swinging Strike
1-2: Foul Ball, location: 2F
1-2: Strikes out swinging
Batting: RHB Bjoern Waltersson 0-0: Swinging Strike
0-1: Fly out, F9 (Flyball, 9S, EV 76.9 MPH)
Top of the 10th over - 0 runs, 0 hits, 0 errors, 0 left on base; California 3 - Houston 3
BOTTOM OF THE 10TH
Houston Astros batting - Pitching for California Angels : LHP Joel Campbell
Pitching: RHP Dave Jackson
Batting: RHB Chris Lane 0-0: Ball
1-0: Ball
2-0: Ground out 4-3 (Groundball, 4, EV 83.8 MPH)
Batting: RHB Eric Chotkowski 0-0: Ball
1-0: Swinging Strike
1-1: Fly out, F7 (Flyball, 78M, EV 90.6 MPH)
Batting: SHB Joe Gardner 0-0: Ball
1-0: Ball
2-0: Ball
3-0: Base on Balls
Batting: SHB Troy Kenyon 0-0: Ball
1-0: Foul Ball, location: 2F
1-1: Called Strike
Joe Gardner steals 2nd base
1-2: Ball
2-2: Ball
3-2: Intentional Walk
Batting: LHB Jimmy Edlin 0-0: Called Strike
0-1: Swinging Strike
0-2: Ball
1-2: Strikes out swinging
Bottom of the 10th over - 0 runs, 0 hits, 0 errors, 2 left on base; California 3 - Houston 3
TOP OF THE 11TH
California Angels batting - Pitching for Houston Astros : RHP Aaron Shapiro
Batting: LHB Rusty Ney 0-0: Ball
1-0: Called Strike
1-1: Ball
2-1: SINGLE (Groundball, 4MD, EV 98.8 MPH)
Pitching: RHP Paul Schwartz
Batting: RHB Alain Delhaye 0-0: Hit by Pitch
Rusty Ney to second
Batting: RHB Mike Harkins 0-0: Ball
1-0: Ball
2-0: Grounds into double play, 4-6-3 (Groundball, 4MS, EV 80.6 MPH)
Rusty Ney to third
Batting: RHB Preston Deakyne 0-0: Intentional Walk
Batting: RHB Avery Maxwell 0-0: Ball
1-0: Foul Ball, location: 2F
1-1: Swinging Strike
1-2: Ball
2-2: Strikes out looking
Top of the 11th over - 0 runs, 1 hit, 0 errors, 2 left on base; California 3 - Houston 3
BOTTOM OF THE 11TH
Houston Astros batting - Pitching for California Angels : RHP Dave Jackson
Batting: RHB Danny Merrill 0-0: Called Strike
0-1: Ball
1-1: Swinging Strike
1-2: Strikes out swinging
Batting: RHB Josh Froyd 0-0: Ball
1-0: Called Strike
1-1: SINGLE (Line Drive, 89M, EV 90.6 MPH)
Batting: RHB Elijah Hunter 0-0: Ball
1-0: Swinging Strike
1-1: Called Strike
1-2: Strikes out swinging
Batting: LHB Bryce Hill 0-0: Ground out 4-3 (Groundball, 34, EV 101.2 MPH)
Bottom of the 11th over - 0 runs, 1 hit, 0 errors, 1 left on base; California 3 - Houston 3
TOP OF THE 12TH
California Angels batting - Pitching for Houston Astros : RHP Paul Schwartz
Batting: LHB Javier Trujillo 0-0: Called Strike
0-1: Ball
1-1: Ground out 3-1 (Groundball, 34, EV 83.1 MPH)
Batting: LHB Micah Miller 0-0: Ground out 4-3 (Groundball, 4, EV 83.8 MPH)
Batting: SHB Johnny Stables 0-0: Ball
1-0: Ball
2-0: Fly out, F5 (Popup, 56S, EV 74.4 MPH)
Top of the 12th over - 0 runs, 0 hits, 0 errors, 0 left on base; California 3 - Houston 3
BOTTOM OF THE 12TH
Houston Astros batting - Pitching for California Angels : RHP Dave Jackson
Batting: RHB Chris Lane 0-0: Ball
1-0: Ball
2-0: Swinging Strike
2-1: Ball
3-1: Fly out, F7 (Flyball, 7S, EV 96.9 MPH)
Batting: RHB Eric Chotkowski 0-0: Ground out 6-3 (Groundball, 6, EV 89.4 MPH)
Batting: SHB Joe Gardner 0-0: Called Strike
0-1: Swinging Strike
0-2: Strikes out looking
Bottom of the 12th over - 0 runs, 0 hits, 0 errors, 0 left on base; California 3 - Houston 3
TOP OF THE 13TH
California Angels batting - Pitching for Houston Astros : RHP Paul Schwartz
Batting: RHB Bjoern Waltersson 0-0: Ball
1-0: Called Strike
1-1: Ground out 5-3 (Groundball, 56S, EV 71.9 MPH)
Batting: LHB Rusty Ney 0-0: Ball
1-0: Called Strike
1-1: Foul Ball, location: 2F
1-2: Foul Ball, location: 2F
1-2: Ball
2-2: Ground out 4-3 (Groundball, 4, EV 86.9 MPH)
Batting: RHB Alain Delhaye 0-0: Swinging Strike
0-1: Foul Ball, location: 2F
0-2: Foul Ball, location: 2F
0-2: Ball
1-2: Strikes out looking
Top of the 13th over - 0 runs, 0 hits, 0 errors, 0 left on base; California 3 - Houston 3
BOTTOM OF THE 13TH
Houston Astros batting - Pitching for California Angels : RHP Dave Jackson
Pitching: LHP Trevor Sharp
Batting: SHB Troy Kenyon 0-0: Called Strike
0-1: Ball
1-1: Ball
2-1: Foul Ball, location: 2F
2-2: Ground out 6-3 (Groundball, 6, EV 105.0 MPH)
Batting: LHB Jim Keefe 0-0: Called Strike
0-1: Ball
1-1: Swinging Strike
1-2: Strikes out looking
Batting: RHB Danny Merrill 0-0: Ball
1-0: Ball
2-0: Called Strike
2-1: Foul Ball, location: 2F
2-2: Ball
3-2: Ground out 6-3 (Groundball, 6, EV 103.1 MPH)
Bottom of the 13th over - 0 runs, 0 hits, 0 errors, 0 left on base; California 3 - Houston 3
TOP OF THE 14TH
California Angels batting - Pitching for Houston Astros : RHP Paul Schwartz
Batting: RHB Mike Harkins 0-0: Swinging Strike
0-1: Ball
1-1: Ball
2-1: Ball
3-1: Base on Balls
Batting: RHB Preston Deakyne 0-0: Ball
1-0: 2-RUN HOME RUN (Flyball, 78XD, EV 114.4 MPH), Distance : 465 ft
Batting: RHB Avery Maxwell 0-0: Ball
1-0: SINGLE (Flyball, 9S, EV 86.2 MPH)
Batting: LHB Javier Trujillo 0-0: Ball
Avery Maxwell steals 2nd base
1-0: Foul Ball, location: 2F
1-1: Ball
2-1: SINGLE (Groundball, 25, EV 56.9 MPH) (infield hit)
Avery Maxwell to third
Batting: LHB Micah Miller 0-0: Called Strike
0-1: Ball
1-1: 3-RUN HOME RUN (Flyball, 89XD, EV 106.9 MPH), Distance : 418 ft
Pitching: RHP Mike Chisolm
Batting: SHB Johnny Stables 0-0: Ball
1-0: Swinging Strike
1-1: Called Strike
1-2: Foul Ball, location: 2F
1-2: Ball
2-2: Ball
3-2: Foul Ball, location: 2F
3-2: Foul Ball, location: 2F
3-2: Strikes out swinging
Batting: RHB Bjoern Waltersson 0-0: Swinging Strike
0-1: Ball
1-1: Ground out 5-3 (Groundball, 56, EV 101.9 MPH)
Batting: LHB Rusty Ney 0-0: Ball
1-0: Ball
2-0: Ball
3-0: TRIPLE (Line Drive, 9LD, EV 110.6 MPH)
Batting: RHB Alain Delhaye 0-0: Ball
1-0: Ball
2-0: Ball
3-0: Base on Balls
Batting: RHB Mike Harkins 0-0: Swinging Strike
0-1: Ball
1-1: Called Strike
1-2: Foul Ball, location: 2F
1-2: Ball
2-2: Foul Ball, location: 2F
2-2: SINGLE (Groundball, 34D, EV 99.4 MPH) (infield hit)
Rusty Ney scores
Alain Delhaye to second
Batting: RHB Preston Deakyne 0-0: Called Strike
0-1: Swinging Strike
0-2: Ball
1-2: SINGLE (Groundball, 4M, EV 106.2 MPH) (infield hit)
Alain Delhaye to third
Mike Harkins to second
Batting: RHB Avery Maxwell 0-0: Ball
1-0: Ball
2-0: Ball
Wild Pitch!
Alain Delhaye scores
Mike Harkins to third
Preston Deakyne to second
3-0: Called Strike
3-1: Foul Ball, location: 2F
3-2: SINGLE (Groundball, 6M, EV 108.1 MPH) (infield hit)
Mike Harkins scores
Preston Deakyne to third
Batting: LHB Javier Trujillo 0-0: Ball
1-0: Ball
2-0: Called Strike
2-1: SINGLE (Line Drive, 34D, EV 100.6 MPH)
Preston Deakyne scores
Avery Maxwell to second
Runner from 2nd tries for 3rd, SAFE, throw by RF made to third
Pitching: RHP Mike Hurst
Batting: LHB Micah Miller 0-0: Swinging Strike
0-1: Hit by Pitch
Javier Trujillo to second
Batting: SHB Johnny Stables 0-0: Called Strike
0-1: Ball
1-1: Ball
2-1: Swinging Strike
2-2: Foul Ball, location: 2F
2-2: Foul Ball, location: 2F
2-2: Ball
3-2: Base on Balls
Avery Maxwell scores
Javier Trujillo to third
Micah Miller to second
Batting: RHB Bjoern Waltersson 0-0: SINGLE (Line Drive, 34D, EV 103.1 MPH)
Javier Trujillo scores
Micah Miller to third
Johnny Stables to second
Batting: LHB Rusty Ney 0-0: Ball
1-0: Ball
2-0: Ball
3-0: Base on Balls
Micah Miller scores
Johnny Stables to third
Bjoern Waltersson to second
Batting: RHB Alain Delhaye 0-0: Called Strike
0-1: SINGLE (Flyball, 89S, EV 88.8 MPH)
Johnny Stables scores
Bjoern Waltersson to third
Rusty Ney to second
Runner from 3rd tries for Home, SAFE, throw by RF to home
Batting: RHB Mike Harkins 0-0: Ball
1-0: Fly out, F5 (Popup, 5SF, EV 80.0 MPH)
Top of the 14th over - 14 runs, 11 hits, 0 errors, 2 left on base; California 17 - Houston 3
BOTTOM OF THE 14TH
Houston Astros batting - Pitching for California Angels : LHP Trevor Sharp
Batting: RHB Josh Froyd 0-0: Ball
1-0: Ball
2-0: Ball
3-0: Base on Balls
Batting: RHB Elijah Hunter 0-0: Ball
1-0: Ball
2-0: Ball
3-0: Fly out, F9 (Flyball, 89S, EV 91.9 MPH)
Pinch Hitting: RHB Jeremy Trump 0-0: Ball
1-0: Foul Ball, location: 2F
1-1: Ball
2-1: Ball
3-1: Base on Balls
Josh Froyd to second
Pinch Hitting: LHB Chris Cabrera 0-0: Foul Ball, location: 2F
0-1: Called Strike
0-2: Ball
1-2: Strikes out swinging
Pitching: RHP Ricky Castillo
Batting: RHB Eric Chotkowski 0-0: Foul Ball, location: 2F
0-1: Foul Ball, location: 2F
0-2: Ball
1-2: Ball
2-2: Fly out, F9 (Line Drive, 9S, EV 87.5 MPH)
Bottom of the 14th over - 0 runs, 0 hits, 0 errors, 2 left on base; California 17 - Houston 3
Thursday, December 15th , 2022 - OOTP Baseball 23.9 Build 102